 Dungeon Crawl Stone Soup version 0.27.1-34-g3ba077fa99 (webtiles) character file.

Game seed: 8775018169904440614

324 backslashecho the Chopper (level 6, 0/56 HPs)
             Began as a Minotaur Fighter on Jan 2, 2022.
             Slain by a water moccasin (5 damage)
             ... on level 4 of the Dungeon.
             The game lasted 00:06:11 (3541 turns).

backslashecho the Chopper (Minotaur Fighter)        Turns: 3541, Time: 00:06:11

Health: 0/56       AC:  9    Str: 22    XL:     6   Next: 23%
Magic:  5/5        EV:  6    Int:  5    God:
Gold:   151        SH: 10    Dex: 10    Spells: 5/5 levels left

rFire    . . .     SeeInvis .   a - +0 war axe
rCold    . . .     Faith    .   c - +0 kite shield
rNeg     . . .     Spirit   .   q - +0 chain mail
rPois    .         Reflect  .   (helmet restricted)
rElec    .         Harm     .   (no cloak)
rCorr    .         Rampage  .   (no gloves)
Will     .....                  (no boots)
Stlth    ..........             (no amulet)
HPRegen  0.18/turn              (no ring)
MPRegen  0.09/turn              (no ring)

@: lethally poisoned (0 -> -20), hasted, very quick
A: horns 2, retaliatory headbutt
a: no special abilities


You were on level 4 of the Dungeon.
You visited 2 branches of the dungeon, and saw 5 of its levels.

You collected 151 gold pieces.

Inventory:

Hand Weapons
 a - a +0 war axe (weapon)
Missiles
 l - 2 boomerangs of dispersal (quivered)
Armour
 c - a +0 kite shield (worn)
 q - a +0 chain mail (worn)
Scrolls
 f - a scroll of brand weapon {unknown}
 h - a scroll of vulnerability {unknown}
 m - 3 scrolls of amnesia {unknown}
 n - 2 scrolls of identify {unknown}
 o - a scroll of fear {unknown}
 p - a scroll of noise {unknown}
Potions
 d - a potion of might
 g - 2 potions of curing {unknown}
 i - a potion of resistance {unknown}
 j - a potion of heal wounds {unknown}
 k - a potion of lignification {unknown}


   Skills:
 + Level 5.2 Fighting
 * Level 5.9 Axes
 - Level 4.0 Armour
 - Level 5.0 Shields


You had 5 spell levels left.
You didn't know any spells.
Your spell library was empty.

Dungeon Overview and Level Annotations

Branches:
Dungeon (4/15)             Temple (1/1) D:4

Altars:
Cheibriados
Elyvilon
Hepliaklqana
Makhleb
Sif Muna
Trog
Wu Jian
Xom
Yredelemnul
Zin


Innate Abilities, Weirdness & Mutations

You have a pair of horns on your head.
You reflexively headbutt those who attack you in melee.


Message History

You feel very sick. You block the water moccasin's attack.
The water moccasin bites you.
You take 8 damage, and have 47/56 hp.
You hit the water moccasin.
The water moccasin is lightly wounded.
You feel very sick. You block the water moccasin's attack.
The water moccasin bites you!
You are more poisoned.
The water moccasin poisons you!
You take 10 damage, and have 37/56 hp.
You miss the water moccasin.
The water moccasin is lightly wounded.
You feel extremely sick. The water moccasin bites you!
The water moccasin bites you but does no damage.
You take 15 damage, and have 22/56 hp.
MASSIVE DAMAGE!!
You are too injured to fight recklessly!
You are too injured to fight recklessly!
You are too injured to fight recklessly!
You are too injured to fight recklessly!
Your shield prevents you from hitting the water moccasin.
You headbutt the water moccasin!
The water moccasin is moderately wounded.
You feel very sick.
The water moccasin bites you but does no damage.
You block the water moccasin's attack.
You take 5 damage, and have 17/56 hp.
You slash the water moccasin! You headbutt the water moccasin!
The water moccasin is almost dead.
You feel very sick. You block the water moccasin's attack.
The water moccasin bites you.
* * * LOW HITPOINT WARNING * * *
You are lethally poisoned!
The water moccasin poisons you!
You take 8 damage, and have 9/56 hp.
It was a potion of haste.
You feel yourself speed up.
* * * LOW HITPOINT WARNING * * *
You feel very sick. The water moccasin bites you.
You die...

#.# #.# #.# #.#
#######.# #.#
#.......#
##.########.#######
#.............#
###########.#.#####.$#
#.#..@S....#
#.########.# #.# #.#
#.# #.#


You could see a water moccasin.

Vanquished Creatures
  A howler monkey (D:4)
  2 orc priests (D:4)
  A hound (D:3)
  9 adders
  2 adder skeletons (D:4)
  3 dart slugs
  6 orcs
  7 ball pythons
  12 bats
  11 endoplasms
  3 giant cockroaches
  11 goblins
  9 hobgoblins
  5 quokkas
  5 frilled lizards
  7 kobolds
  4 rats
98 creatures vanquished.

Vanquished Creatures (others)
  A plant (D:1)
1 creature vanquished.

Grand Total: 99 creatures vanquished

Notes
Turn   | Place    | Note
-------+----------+-------------------------------------------
     0 | D:1      | backslashecho the Minotaur Fighter began the quest for the
                  | Orb.
     0 | D:1      | Reached XP level 1. HP: 19/19 MP: 0/0
   181 | D:1      | Reached XP level 2. HP: 27/27 MP: 1/1
   321 | D:1      | Found a faded altar of an unknown god.
   814 | D:2      | Reached XP level 3. HP: 33/33 MP: 2/2
  1236 | D:2      | Reached XP level 4. HP: 40/40 MP: 3/3
  1634 | D:3      | Found a glowing silver altar of Zin.
  2070 | D:3      | Reached XP level 5. HP: 47/47 MP: 4/4
  2415 | D:4      | Reached skill level 5 in Axes
  2512 | D:4      | Reached skill level 5 in Fighting
  2512 | D:4      | Reached skill level 5 in Shields
  2768 | D:4      | Reached XP level 6. HP: 27/56 MP: 5/5
  3170 | D:4      | Found a staircase to the Ecumenical Temple.
  3182 | Temple   | Entered the Ecumenical Temple
  3533 | D:4      | Noticed a water moccasin
  3541 | D:4      | Slain by a water moccasin

Illustrated notes

Levels and vault maps discovered:
D:1:      dpeg_arrival_long_road, layout_rooms,
          shapermc_ecumenical_altar_mp_ritualfount
D:2:      layout_loops_ring, minmay_small_reverse_x
D:3:      minmay_octagon_keep, layout_basic, zin_statuary
D:4:      layout_basic, minmay_temple_entry_sparse_star, uniq_duvessa
Temple:   nicolae_temple_figure_zero

Skill      XL: |  1  2  3  4  5 |
---------------+----------------+-----
Axes           | 3 4 5 |  5.9
Shields        | 4 5 |  5.0
Fighting       | 4 5 |  5.2
Armour         | 4 |  4.0

Action                   |  1- 3 |  4- 6 || total
-------------------------+-------+-------++-------
Melee: War axe           |    97 |   121 ||   218
       Headbutt          |    11 |    19 ||    30
  Use: Potion            |       |     1 ||     1
Armor: Scale mail        |    49 |    38 ||    87
       Chain mail        |       |    12 ||    12
Dodge: Dodged            |    35 |    39 ||    74
Block: Kite shield       |    68 |    67 ||   135
